 Dungeon Crawl Stone Soup version 0.29-a0-819-g94b489e0ae (webtiles) character file.

Game seed: 2135259477753307090

4 ZappyNine the Caller (level 1, -2/14 HPs)
             Began as a Barachi Summoner on July 6, 2022.
             Slain by a quokka (5 damage)
             ... on level 1 of the Dungeon.
             The game lasted 00:00:28 (67 turns).

ZappyNine the Caller (Barachi Summoner)               Turns: 67, Time: 00:00:28

Health: -2/14      AC:  2    Str:  9    XL:     1   Next: 70%
Magic:  1/3        EV: 12    Int: 15    God:
Gold:   0          SH:  0    Dex: 12    Spells: 3/4 levels left

rFire   . . .      SeeInvis .   d - +0 club
rCold   . . .      Faith    .   (no shield)
rNeg    . . .      Spirit   .   a - +0 robe
rPois   .          Reflect  .   (no helmet)
rElec   .          Harm     .   (no cloak)
rCorr   .          Rampage  .   (no gloves)
Will    .....                   (no boots)
Stlth   ++........              (no amulet)
HPRegen 0.04/turn               (no ring)
MPRegen 0.08/turn               (no ring)

@: slow
A: amphibious, slowness 1, strong legs 1, +LOS
a: Hop


You were on level 1 of the Dungeon.
You visited 1 branch of the dungeon, and saw 1 of its levels.

Inventory:

Hand Weapons
 d - a +0 club (weapon)
Armour
 a - a +0 robe (worn)
Scrolls
 c - a scroll of blinking {unknown}
Potions
 b - a potion of magic


   Skills:
 + Level 0.6 Fighting
 - Level 2.1 Dodging
 - Level 1.7 Stealth
 + Level 2.3 Spellcasting
 + Level 4.9 Summonings


You had 3 spell levels left.
You knew the following spells:

 Your Spells              Type           Power      Damage    Failure   Level
a - Summon Small Mammal   Summ           64%        N/A       2%          1

Your spell library contained the following spells:

 Spells                   Type           Power      Damage    Failure   Level
 Call Imp                 Summ           16%        N/A       4%          2
 Call Canine Familiar     Summ           16%        N/A       9%          3
 Summon Guardian Golem    Hex/Summ       9%         N/A       24%         3
 Summon Lightning Spire   Summ/Air       9%         N/A       61%         4


Dungeon Overview and Level Annotations

Branches:
Dungeon (1/15)

Altars:


Innate Abilities, Weirdness & Mutations

You are amphibious.
You cover ground slowly.
You can hop short distances.
You have an extended range of vision and can be seen from far away.


Message History

The bat is heavily wounded.
The bat barely misses you.
Your bat hits the bat. The bat misses your bat.
Your quokka barely misses the bat.
Your quokka closely misses the bat.
You miss the bat.
The bat is severely wounded.
The bat misses you. The bat barely misses you.
Your bat misses the quokka. The quokka bites you.
Your quokka completely misses the bat.
Your bat barely misses the quokka.
You hit the quokka.
The quokka is heavily wounded.
The bat hits your quokka.
Your bat closely misses the quokka.
Your bat hits the quokka. The quokka bites you.
Your bat closely misses the quokka.
Your quokka barely misses the bat.
The bat barely misses your quokka. The quokka bites you.
Your quokka misses the bat. You barely miss the quokka.
The quokka is severely wounded.
The bat closely misses your quokka.
Your bat barely misses the bat.
The quokka bites you but does no damage.
Your quokka completely misses the bat.
The bat closely misses you. The quokka bites you.
* * * LOW HITPOINT WARNING * * *
Unknown command.
Unknown command.
You miss the bat.
The bat is severely wounded.
The bat hits you but does no damage.
Your bat misses the bat. The bat barely misses your quokka.
Your bat completely misses the bat.
The bat hits you but does no damage.
Your quokka closely misses the bat.
The quokka bites you but does no damage.
The bat hits your quokka but does no damage.
Your quokka misses the bat.
Unknown command.
You hit the bat but do no damage.
The bat is severely wounded.
The bat hits you.
* * * LOW HITPOINT WARNING * * *
The bat closely misses you.
Your bat misses the bat. The quokka barely misses you. The bat hits your bat.
The quokka bites you.
You die...

......# ...... ..... #.#
..?# #.# ♣♣♣#♣
########..## #.#♣♣..♣.
#..........# #.♣♣.....
#.!......†.# #.♣......
#........?.## #.♣......
#.......@rb.# #....♣.♣.
#......r.b#.#####.....⌠..
#.........+..........♣.♣.
#.........##.####.♣......
#.........##.# #.♣......
############($ #.♣♣.....
##.# #.#♣♣...♣ .#
#.##♣♣♣♣♣ .. #........


You could see a quokka, a bat (ally target), a friendly quokka (summoned) and a
friendly bat (summoned).

Vanquished Creatures (collateral kills)
  A goblin (D:1)
  A hobgoblin (D:1)
  A ball python (D:1)
  A bat (D:1)
  A rat (D:1)
5 creatures vanquished.

Notes
Turn   | Place    | Note
-------+----------+-------------------------------------------
     0 | D:1      | ZappyNine the Barachi Summoner began the quest for the Orb.
     0 | D:1      | Reached XP level 1. HP: 13/13 MP: 3/3
    67 | D:1      | Slain by a quokka

Illustrated notes

Levels and vault maps discovered:
D:1:      amcnicky_arrival_underground_garden, layout_basic, serial_shops,
          nicolae_shop_behind_doors, minmay_worlds_worst_comb

Action                   || total
-------------------------++-------
Melee: Club              ||     6
       Unarmed           ||     1
 Cast: Summon Small Mamm ||     6
 Abil: Hop               ||     1
Armor: Robe              ||     8
Dodge: Dodged            ||    14

Table legend: (Time is in decaauts)
 A = Elapsed time spent in this place.
 B = Non-inter-level travel time spent in this place.
 C = Inter-level travel time spent in this place.
 D = Time resting spent in this place.
 E = Time spent auto-exploring this place.
 F = Levels seen in this place.
 G = Mean time per level.
                   A        B        C        D        E       F      G
               +--------+--------+--------+--------+--------+-----+--------+
         Total |     74 |     74 |      0 |     20 |     13 |   1 |   74.0 |
       Dungeon |     74 |     74 |      0 |     20 |     13 |   1 |   74.0 |
               +--------+--------+--------+--------+--------+-----+--------+

Top non-repeatable levels by time:
     D:1: 74 daAuts
